 Dungeon Crawl Stone Soup version 0.25-a0-577-ga4619f409e (webtiles) character file.

Game seed: 6589810999876728277, levelgen mode: deterministic

26 Flugslaktarn the Skirmisher (level 2, -4/27 HPs)
             Began as a Minotaur Fighter on Mar 2, 2020.
             Killed from afar by an orc wizard (6 damage)
             ... with a magic dart
             ... on level 3 of the Dungeon.
             The game lasted 00:00:12 (374 turns).

Flugslaktarn the Skirmisher (Minotaur Fighter)       Turns: 374, Time: 00:00:12

Health: -4/27      AC:  7    Str: 20    XL:     2   Next: 89%
Magic:  1/1        EV:  7    Int:  5    God:
Gold:   0          SH:  0    Dex:  9    Spells: 1/1 levels left

rFire    . . .     SeeInvis .   a - +0 war axe
rCold    . . .     Gourm    .   c - +0 kite shield
rNeg     . . .     Faith    .   b - +0 scale mail
rPois    .         Spirit   .   (helmet restricted)
rElec    .         Reflect  .   (no cloak)
rCorr    .         Harm     .   (no gloves)
MR       .....                  (no boots)
Stlth    ..........             (no amulet)
HPRegen  0.09/turn              (no ring)
MPRegen  0.07/turn              (no ring)

@: confused
A: retaliatory headbutt, horns 2
a: no special abilities


You were on level 3 of the Dungeon.
You were not hungry.

You visited 1 branch of the dungeon, and saw 3 of its levels.

Inventory:

Hand Weapons
 a - a +0 war axe (weapon)
Armour
 b - a +0 scale mail (worn)
 c - a +0 kite shield (worn)
Scrolls
 h - a scroll of remove curse {unknown}
Potions
 d - a potion of might
 f - 2 potions of brilliance {unknown}
Comestibles
 e - a ration
 g - 2 chunks of flesh


   Skills:
 + Level 4.0 Fighting
 * Level 3.2 Axes
 + Level 3.9 Armour
 + Level 3.9 Shields


You had one spell level left.
You didn't know any spells.
Your spell library was empty.

Dungeon Overview and Level Annotations

Branches:
Dungeon (3/15)

Altars:


Innate Abilities, Weirdness & Mutations

You reflexively headbutt those who attack you in melee.
You have a pair of horns on your head.


Message History

You completely miss something. You completely miss the orc wizard.
The orc wizard looks braver for a moment.
Something hits you but does no damage.
The orc wizard hits you but does no damage.
Something hits you but does no damage.
You closely miss something. Your headbutt misses something.
Your scale mail prevents you from hitting the orc wizard.
The orc wizard hits you but does no damage. x2
You hear some strange, mumbled words.
Something tries to affect you, but you resist.
The hobgoblin hits you with a +0 club.
* * * LOW HITPOINT WARNING * * *
You miss the orc wizard.
The orc wizard is moderately wounded.
You closely miss something. You slash the hobgoblin!
You kill the hobgoblin!
Your Fighting skill increases to level 4!
The orc wizard gestures at you while chanting.
The magic dart hits you.
You die...

..# #.# #.#
#.#
######.#####
..r.........#
.######rg##.#
#{o# #.@#
#.)# #..#
...# .$...
.###?# #. #.#
. ...


You could see an orc wizard, a goblin and a rat.

Vanquished Creatures
  An adder (D:2)
  A dart slug (D:1)
  3 orcs (D:3)
  A giant cockroach (D:2)
  2 goblins
  A hobgoblin (D:3)
  A kobold (D:2)
  2 frilled lizards (D:2)
12 creatures vanquished.

Notes
Turn   | Place    | Note
-------+----------+-------------------------------------------
     0 | D:1      | Flugslaktarn the Minotaur Fighter began the quest for the
                  | Orb.
     0 | D:1      | Reached XP level 1. HP: 19/19 MP: 0/0
    30 | D:2      | Reached XP level 2. HP: 9/27 MP: 1/1
   374 | D:3      | Reached skill level 4 in Fighting
   374 | D:3      | Killed from afar by an orc wizard

Levels and vault maps discovered:
D:1:      psy_arrival_spokes, layout_basic, minmay_worlds_worst_comb
D:2:      layout_loops_ring, grunt_decor_mini_mirrors,
          nicolae_ru_the_path_less_chosen, uniq_terence
D:3:      layout_loops_ring, marbit_many_paths, uniq_natasha

Skill      XL: |  1  2 |
---------------+-------+-----
Axes           | 3 |  3.2
Fighting       | 4 |  4.0
Armour         | |  3.9
Shields        | |  3.9

Action                   || total
-------------------------++-------
Melee: War axe           ||    34
       Headbutt          ||     4
Armor: Scale mail        ||    20
Dodge: Dodged            ||    12
Block: Kite shield       ||    20

Table legend:
 A = Non-vault XP
 B = Vault XP
 C = Vault XP percentage of total XP
 D = Non-vault monster count
 E = Vault monster count
 F = Vault count percentage of total count
                 A         B        C        D         E       F
            +---------+---------+-------+---------+---------+-------
      Total |      38 |       0 |   0.0 |      12 |       0 |   0.0
            +---------+---------+-------+---------+---------+-------
        D:1 |       6 |       0 |   0.0 |       2 |       0 |   0.0
        D:2 |      21 |       0 |   0.0 |       6 |       0 |   0.0
        D:3 |      11 |       0 |   0.0 |       4 |       0 |   0.0
            +---------+---------+-------+---------+---------+-------
